 Dungeon Crawl Stone Soup version 0.25-a0-781-gc44aebf4fe (webtiles) character file.

Game seed: 240567508700074551, levelgen mode: deterministic

1308 Maedhros the Covert (level 8, -5/48 HPs)
             Began as an Octopode Artificer on Apr 16, 2020.
             Slain by a yak (15 damage)
             ... on level 7 of the Dungeon.
             The game lasted 00:04:51 (3458 turns).

Maedhros the Covert (Octopode Artificer)            Turns: 3458, Time: 00:04:52

Health: -5/48      AC:  1    Str: 11    XL:     8   Next: 58%
Magic:  10/10      EV: 13    Int: 13    God:
Gold:   203        SH:  0    Dex: 15    Spells: 7/7 levels left

rFire    . . .     SeeInvis .   a - +0 short sword
rCold    . . .     Gourm    .   (no shield)
rNeg     . . .     Faith    .   (helmet restricted)
rPois    .         Spirit   .   (no amulet)
rElec    .         Reflect  .   (no ring)
rCorr    .         Harm     .   (no ring)
MR       .....                  (no ring)
Stlth    +++++.....             (no ring)
HPRegen  0.16/turn              (no ring)
MPRegen  0.12/turn              (no ring)
                                (no ring)
                                (no ring)

@: no status effects
A: almost no armour, stealthy swim, amphibious, 8 rings, constrict 8, camouflage
1, gelatinous body 1
a: no special abilities


You were on level 7 of the Dungeon.
You were hungry.

You visited 1 branch of the dungeon, and saw 7 of its levels.

You collected 203 gold pieces.

Inventory:

Hand Weapons
 a - a +0 short sword (weapon)
Armour
 r - a +0 buckler
 v - a +0 tower shield
Jewellery
 l - an uncursed ring of fire
Wands
 b - a wand of flame (2)
 c - a wand of enslavement (2)
 d - a wand of random effects (10)
Scrolls
 e - 2 scrolls of fear {unknown}
 h - a scroll of random uselessness {unknown}
 j - a scroll of immolation {unknown}
 m - a scroll of noise {unknown}
 p - a scroll of amnesia {unknown}
 q - 2 scrolls of identify {unknown}
Potions
 g - a potion of ambrosia {unknown}
 i - 2 potions of curing
 k - a potion of lignification {unknown}
 n - a potion of degeneration {unknown}
 o - a potion of cancellation {unknown}
 t - a potion of heal wounds {unknown}
 u - a potion of might {unknown}
Comestibles
 f - 5 rations


   Skills:
 - Level 1.0 Fighting
 - Level 1.0 Short Blades
 - Level 2.0 Dodging
 + Level 8.4 Stealth
 * Level 8.2 Unarmed Combat
 - Level 3.2 Evocations


You had 7 spell levels left.
You didn't know any spells.
Your spell library was empty.

Dungeon Overview and Level Annotations

Branches:
Dungeon (7/15)
 Temple: D:4-7

Altars:
Elyvilon
Kikubaaqudgha
Okawaru

Shops:
D:5 *


Innate Abilities, Weirdness & Mutations

You cannot wear most types of armour.
You are very stealthy in the water. (Stealth+)
You are amphibious.
You can wear up to eight rings at the same time.
You can use your tentacles to constrict eight enemies at once.
Your skin changes colour to match your surroundings (Stealth+).
Your rubbery body absorbs attacks. (AC +1, EV +1)


Message History

Evoke which item? (* to show all) (? for menu, Esc to quit)
Aiming: Throw Flame
Press: ? - help, Shift-Dir - straight line, f - yak
Aim: a yak (heavily wounded)
The puff of flame hits the yak.
The yak is severely wounded.
Evoke which item? (* to show all) (? for menu, Esc to quit)
Aiming: Throw Flame
Press: ? - help, Shift-Dir - straight line, f - yak
Aim: a yak (severely wounded) Really fire in your yak's direction?
The puff of flame hits the yak.
The yak is severely wounded.
Evoke which item? (* to show all) (? for menu, Esc to quit)
Aiming: Enslavement
Press: ? - help, Shift-Dir - straight line, f - yak
Aim: a yak (severely wounded, chance to defeat MR: 55%)
The yak resists with significant effort.
The yak gores you!
You die...

#.....##.............
#....................
................#####
..................
....##†.......###
......†.......###
..##.Y.#........
#.Y##<.......
##@###.......
#.................
#.#......####.##..
####..## .# . .:.. .
#..## ..... ##.$#. #
#.... ..........#..
..#.Y............K#
....... .......K


You could see a yak and a friendly yak.

Vanquished Creatures
  A yak (D:7)
  A crocodile (D:7)
  2 ogres
  A black bear (D:6)
  2 bullfrogs (D:6)
  3 wights (D:6)
  A howler monkey (D:7)
  A crimson imp (D:5)
  A jelly (D:6)
  A centaur skeleton (D:4)
  2 worker ants
  A hound skeleton (D:6)
  2 gnolls (D:7)
  5 adders
  A shadow imp (D:6)
  A worm (D:3)
  A leopard gecko (D:5)
  2 orcs (D:3)
  3 bats
  A giant cockroach (D:1)
  5 goblins
  4 hobgoblins
  10 jackals
  2 quokkas
  A ball python (D:4)
  3 frilled lizards
  5 kobolds
  2 rats
65 creatures vanquished.

Vanquished Creatures (collateral kills)
  A yak (D:7)
  A sky beast (D:7)
  A big kobold (D:7)
  A crimson imp (D:7)
  A hound (D:7)
  2 gnolls (D:7)
  An orc (D:7)
  4 kobolds
  A quokka (D:7)
13 creatures vanquished.

Vanquished Creatures (others)
  A yak (D:7)
  A water moccasin (D:7)
  A hound (D:7)
  A jackal (D:1)
4 creatures vanquished.

Grand Total: 82 creatures vanquished

Notes
Turn   | Place    | Note
-------+----------+-------------------------------------------
     0 | D:1      | Maedhros the Octopode Artificer began the quest for the
                  | Orb.
     0 | D:1      | Reached XP level 1. HP: 13/13 MP: 3/3
    95 | D:1      | Reached skill level 1 in Unarmed Combat
    98 | D:1      | Reached XP level 2. HP: 4/18 MP: 4/4
   962 | D:2      | You fall into a shaft and drop 1 floor!
   971 | D:3      | Reached XP level 3. HP: 23/23 MP: 5/5
  1039 | D:3      | Reached XP level 4. HP: 24/28 MP: 6/6
  1294 | D:4      | Found an ancient bone altar of Kikubaaqudgha.
  1409 | D:4      | Reached XP level 5. HP: 16/33 MP: 7/7
  1601 | D:5      | Entered Level 5 of the Dungeon
  1602 | D:5      | Found Wap Wipiokki's Assorted Antiques.
  1682 | D:5      | Found an iron altar of Okawaru.
  1778 | D:6      | Reached XP level 6. HP: 33/38 MP: 8/8
  1890 | D:6      | Reached skill level 5 in Stealth
  1898 | D:6      | Reached skill level 5 in Unarmed Combat
  2362 | D:6      | Noticed a black bear
  2434 | D:6      | Killed a black bear
  2434 | D:6      | Reached XP level 7. HP: 43/43 MP: 9/9
  2873 | D:7      | HP: 1/43 [crimson imp (4)]
  2880 | D:7      | Reached XP level 8. HP: 15/48 MP: 10/10
  2901 | D:7      | Found a white marble altar of Elyvilon.
  3437 | D:7      | Noticed a yak
  3439 | D:7      | Noticed a yak
  3441 | D:7      | Noticed a yak
  3441 | D:7      | Noticed a yak
  3441 | D:7      | Noticed a yak
  3446 | D:7      | Killed a yak
  3454 | D:7      | Killed a yak
  3458 | D:7      | Slain by a yak

Levels and vault maps discovered:
D:1:      noname_arrival_rooms_in_the_neighbourhood, layout_loops_cross,
          minmay_misc_feat_x
D:2:      minmay_angry_zag, layout_basic, grunt_ministairs_7, minmay_hedge_maze
D:3:      layout_loops_ring, kennysheep_slug_shrine, kennysheep_generic_room_3
D:4:      layout_basic, overflow_temple_1_default, minmay_temple_entry_arrows
D:5:      layout_basic, first_ration, serial_shops, shop,
          nicolae_shop_waterfront, shop, shop, okawaru_gym_becter
D:6:      layout_loops_ring, nicolae_overflow_crystal_walls, grunt_ministairs_3
D:7:      layout_cave_pools, old_standard_altar, nicolae_overflow_hidden_temple

Skill      XL: |  1  2  3  4  5  6  7  8 |
---------------+-------------------------+-----
Unarmed Combat | 1 2 3 4 5 7 8 |  8.2
Stealth        | 2 3 4 6 7 8 |  8.4
Fighting       | |  1.0
Short Blades   | |  1.0
Dodging        | |  2.0
Evocations     | |  3.2

Action                   |  1- 3 |  4- 6 |  7- 9 || total
-------------------------+-------+-------+-------++-------
Melee: Short sword       |    54 |    73 |    40 ||   167
       Constrict         |    20 |    21 |     5 ||    46
       Tentacles         |    12 |    13 |     7 ||    32
       Punch             |     1 |     3 |     1 ||     5
Evoke: Wand              |     2 |     8 |    29 ||    39
  Use: Potion            |       |       |     1 ||     1
 Stab: Sleeping          |     4 |     8 |     5 ||    17
       Distracted        |     1 |       |     1 ||     2
  Eat: Chunk             |       |     4 |     3 ||     7
Armor: Skin              |     8 |     2 |       ||    10
Dodge: Dodged            |    34 |    41 |    25 ||   100

Table legend:
 A = Non-vault XP
 B = Vault XP
 C = Vault XP percentage of total XP
 D = Non-vault monster count
 E = Vault monster count
 F = Vault count percentage of total count
                 A         B        C        D         E       F
            +---------+---------+-------+---------+---------+-------
      Total |    1767 |     102 |   5.5 |      75 |       4 |   5.1
            +---------+---------+-------+---------+---------+-------
        D:1 |      27 |       0 |   0.0 |      17 |       0 |   0.0
        D:2 |       4 |       0 |   0.0 |       2 |       0 |   0.0
        D:3 |      57 |       4 |   6.6 |      11 |       2 |  15.4
        D:4 |      73 |       0 |   0.0 |       3 |       0 |   0.0
        D:5 |      67 |       0 |   0.0 |      11 |       0 |   0.0
        D:6 |     642 |      98 |  13.2 |      11 |       2 |  15.4
        D:7 |     897 |       0 |   0.0 |      20 |       0 |   0.0
            +---------+---------+-------+---------+---------+-------
